 Dungeon Crawl Stone Soup version 0.29.1-15-g9cfb28693d (webtiles) character file.

Game seed: 2011737433107627539

120 ThatPearl the Trooper (level 5, 0/43 HPs)
             Began as a Formicid Abyssal Knight on Mar 10, 2023.
             Was a Priest of Lugonu.
             Slain by an ogre
             ... wielding a +0 giant club
              (24 damage)
             ... on level 4 of the Dungeon.
             The game lasted 00:05:20 (3086 turns).

ThatPearl the Trooper (Formicid Abyssal Knight)     Turns: 3086, Time: 00:05:21

Health: 0/43       AC:  4    Str: 20    XL:     5   Next: 25%
Magic:  7/7        EV: 11    Int:  9    God:    Lugonu [***...]
Gold:   197        SH:  0    Dex: 14    Spells: 4/4 levels left

rFire   . . .      SeeInvis +   a - +1 hand axe
rCold   . . .      Faith    .   (no shield)
rNeg    . . .      Spirit   .   b - +0 leather armour
rPois   .          Reflect  .   (helmet unavailable)
rElec   .          Harm     .   e - +0 cloak
rCorr   .          Rampage  .   (no gloves)
Will    .....                   (no boots)
Stlth   +.........              (no amulet)
HPRegen 0.14/turn               (no ring)
MPRegen 0.10/turn               (no ring)

@: no status effects
A: permanent stasis, dig shafts and tunnels, antennae 3, four strong arms
a: Dig, Shaft Self, Renounce Religion, Depart the Abyss, Bend Space, Banish


You were on level 4 of the Dungeon.
You worshipped Lugonu.
Lugonu was most pleased with you.
You visited 1 branch of the dungeon, and saw 4 of its levels.
You visited the Abyss 1 time.

You collected 197 gold pieces.

Inventory:

Hand Weapons
 a - a +1 hand axe (weapon)
Missiles
 h - 42 stones (quivered)
Armour
 b - a +0 leather armour (worn)
 e - a +0 cloak (worn)
Magical Staves
 c - a staff of death
 u - a staff of conjuration
Jewellery
 i - a ring of wizardry
Wands
 l - a wand of light (10)
Scrolls
 f - 2 scrolls of fear {unknown}
 g - a scroll of magic mapping {unknown}
 j - a scroll of amnesia {unknown}
 k - a scroll of enchant weapon {unknown}
 n - 3 scrolls of identify {unknown}
 s - a scroll of teleportation {unknown}
 t - a scroll of poison {unknown}
Potions
 d - 3 potions of haste {unknown}
 m - a potion of curing {unknown}
 o - a potion of brilliance {unknown}
 p - a potion of ambrosia {unknown}
 q - a potion of degeneration {unknown}
 r - a potion of might {unknown}
 v - a potion of magic {unknown}


   Skills:
 + Level 4.4 Fighting
 + Level 3.2 Axes
 - Level 2.2 Armour
 - Level 1.0 Dodging
 + Level 3.7 Invocations


You had 4 spell levels left.
You didn't know any spells.
Your spell library contained the following spells:

 Spells                   Type           Power      Damage    Failure   Level
 Hailstorm                Conj/Ice       0%         3d3       99%         4
 Freezing Cloud           Conj/Ice/Air   0%         6-21      100%        5
 Storm Form               Tmut/Air       0%         N/A       100%        7


Dungeon Overview and Level Annotations

Branches:
Dungeon (4/15)
 Temple: D:4-7

Altars:


Innate Abilities, Weirdness & Mutations

You cannot be hasted, slowed, berserked, paralysed or teleported.
You can dig through walls and to a lower floor.
You have a pair of large antennae on your head. (SInv)
Your four strong arms can wield two-handed weapons with a shield.


Message History

Found a dagger.
You see here a +0 dagger.
You see here a +0 dagger.
An ogre comes into view. It is wielding a +0 giant club.
The ogre shouts!
Throw: 43 stones
Press: ? - help, Q - select action, (/) - cycle Shift-Dir - straight line, f - ogre
Aim: an ogre, wielding a +0 giant club (75% to hit)
You throw a stone. The stone hits the ogre.
The ogre is lightly wounded.
You barely miss the ogre.
The ogre is lightly wounded.
The ogre barely misses you.
You hit the ogre.
The ogre is lightly wounded.
The ogre closely misses you.
You slash the ogre!
The ogre is moderately wounded.
You slash the ogre!
The ogre is severely wounded.
The ogre completely misses you.
You hit the ogre but do no damage.
The ogre is severely wounded.
The ogre closely misses you.
You hit the ogre.
The ogre is severely wounded.
The ogre barely misses you.
You completely miss the ogre.
The ogre is severely wounded.
The ogre misses you.
You barely miss the ogre.
The ogre is severely wounded.
You hit the ogre but do no damage.
The ogre is severely wounded.
The ogre hits you with a +0 giant club!!
You barely miss the ogre.
The ogre is severely wounded.
The ogre hits you with a +0 giant club!!
Ouch! That really hurt!
You die...

# #.>................
#.###..........#######
#..............#
##..............#
...............########
.......<...........#...
.....#..#.......###.#...
....##.####......##.#...
#...O@.........##.....
....##.####.............
. # #. ###..#.####... ..
##...####... #.#
##....##... ..
#......... #..
#####..... ### ##....
#)...


You could see an ogre.

Vanquished Creatures
  4 adders
  A worm (D:2)
  4 dart slugs
  3 orcs (D:3)
  6 ball pythons
  6 endoplasms
  2 giant cockroaches
  6 goblins
  5 hobgoblins
  4 jackals (D:1)
  5 quokkas
  5 bats
  3 frilled lizards
  6 kobolds
  5 rats
65 creatures vanquished.

Notes
Turn   | Place    | Note
-------+----------+-------------------------------------------
     0 | Abyss:1  | ThatPearl the Formicid Abyssal Knight began the quest for
                  | the Orb.
     0 | Abyss:1  | Reached XP level 1. HP: 18/18 MP: 2/2
     1 | D:1      | Escaped the Abyss
   100 | D:1      | Reached skill level 1 in Dodging
   126 | D:1      | Reached XP level 2. HP: 20/24 MP: 3/3
   342 | D:1      | Reached XP level 3. HP: 25/29 MP: 5/5
  1078 | D:2      | Reached XP level 4. HP: 36/37 MP: 6/6
  1086 | D:2      | Reached *** piety under Lugonu
  1087 | D:2      | Reached skill level 4 in Fighting
  1388 | D:2      | Found a faded altar of an unknown god.
  1972 | D:3      | Got the Treatise on Ruinous Conduction
  2157 | D:3      | Reached XP level 5. HP: 29/42 MP: 7/7
  3073 | D:4      | Noticed an ogre
  3086 | D:4      | Slain by an ogre

Illustrated notes

Levels and vault maps discovered:
D:1:      giann_bridges, layout_rooms, minmay_pentomino_v2
D:2:      layout_basic, shapermc_ecumenical_altar_ellora
D:3:      layout_basic, minmay_guardbox
D:4:      layout_rooms, grunt_qazlal_clouds, patterned_corridor

Skill      XL: |  1  2  3  4 |
---------------+-------------+-----
Dodging        | 1 |  1.0
Invocations    | 3 |  3.7
Fighting       | 4 |  4.4
Axes           | 3 |  3.2
Armour         | |  2.2

Action                   |  1- 3 |  4- 6 || total
-------------------------+-------+-------++-------
Melee: Hand axe          |    58 |   123 ||   181
       Punch             |       |     1 ||     1
Throw: Stone             |       |     2 ||     2
 Stab: Sleeping          |     1 |       ||     1
Armor: Leather armour    |    14 |    43 ||    57
Dodge: Dodged            |    42 |    73 ||   115
